 Dungeon Crawl Stone Soup version 0.30.1-3-gfc49f6343a (webtiles) character file.

Game seed: 10843954763704683513

53 shmup the Firebug (level 3, 0/19 HPs)
             Began as a Tengu Fire Elementalist on July 22, 2023.
             Slain by a phantom (5 damage)
             ... on level 3 of the Dungeon on July 23, 2023.
             The game lasted 00:07:42 (1845 turns).

shmup the Firebug (Tengu Fire Elementalist)         Turns: 1845, Time: 00:07:43

Health: 0/19       AC:  2    Str:  8    XL:     3   Next: 89%
Magic:  0/7        EV: 12    Int: 17    God:
Gold:   130        SH:  0    Dex: 14    Spells: 3/6 levels left

rFire   . . .        a - +0 dagger
rCold   . . .        (no shield)
rNeg    . . .        f - +0 robe
rPois   .            (helmet restricted)
rElec   .            (no cloak)
rCorr   .            (no gloves)
SInv    .            (boots unavailable)
Will    .....        (no amulet)
Stlth   ++           (no ring)
HPRegen 0.23/turn    (no ring)
MPRegen 0.10/turn

%: no passive effects
@: no status effects
A: beak, talons 3
a: no special abilities


You were on level 3 of the Dungeon.
You visited 1 branch of the dungeon, and saw 3 of its levels.

You collected 130 gold pieces.

Inventory:

Hand Weapons
 a - a +0 dagger (weapon)
 d - a +0 short sword
Missiles
 c - 15 stones (quivered)
 g - 6 poisoned darts
 l - a throwing net
 r - 3 boomerangs
Armour
 f - a +0 robe (worn)
Magical Staves
 b - a staff of conjuration
Scrolls
 i - 2 scrolls of enchant weapon {unknown}
 j - a scroll of noise {unknown}
 k - 2 scrolls of fog {unknown}
 m - 2 scrolls of amnesia {unknown}
 n - a scroll of teleportation
 q - a scroll of enchant armour {unknown}
Potions
 e - 3 potions of curing {unknown}
 h - a potion of flight {unknown}
 o - a potion of magic
 p - a potion of might {unknown}
 s - a potion of heal wounds {unknown}
 t - a potion of degeneration {unknown}


   Skills:
 - Level 2.1 Dodging
 - Level 2.0 Stealth
 - Level 2.0 Spellcasting
 + Level 2.8 Conjurations
 * Level 4.6 Fire Magic


You had 3 spell levels left.
You knew the following spells:

 Your Spells              Type           Power      Damage    Failure   Level
a - Foxfire               Conj/Fire      56%        2x1d6     4%          1
b - Scorch                Fire           34%        2d6       4%          2

Your spell library contained the following spells:

 Spells                   Type           Power      Damage    Failure   Level
 Inner Flame              Hex/Fire       9%         N/A       22%         3
 Volatile Blastmotes      Fire/Tloc      18%        2d11      22%         3
 Flame Wave               Conj/Fire      14%        2d6       38%         4


Dungeon Overview and Level Annotations

Branches:
Dungeon (3/15)

Altars:


Innate Abilities, Weirdness & Mutations

You have a beak for a mouth.
You have claws for feet.


Message History

Your peck misses the phantom.
The phantom is severely damaged.
The phantom hits you but does no damage.
You hit the phantom but do no damage. Your kick misses the phantom.
You peck the phantom.
The phantom is severely damaged.
The phantom closely misses you.
Casting: Scorch (safe; 4% risk of failure)
Confirm with . or Enter, or press ? or * to list all spells.
You conjure some foxfire!
The phantom barely misses you.
You hit the phantom but do no damage.
The phantom is severely damaged.
The phantom is no longer more vulnerable to fire.
The foxfire hits the phantom.
The phantom is severely damaged.
The foxfire hits the phantom.
The phantom is almost destroyed.
The phantom barely misses you.
You hit the phantom but do no damage. Your kick misses the phantom.
Your peck misses the phantom.
The phantom is almost destroyed.
The phantom barely misses you.
You barely miss the phantom.
The phantom is almost destroyed.
The phantom hits you.
* * * LOW HITPOINT WARNING * * *
The phantom blinks!
You blink.
You hit the phantom but do no damage.
The phantom is almost destroyed.
The phantom barely misses you.
You hit the phantom.
The phantom is almost destroyed.
The phantom barely misses you.
You barely miss the phantom.
The phantom is almost destroyed.
The phantom closely misses you.
You completely miss the phantom.
The phantom is almost destroyed.
The phantom hits you.
You die...

▒▒▒▒..............▒▒+▒▒.....▒ .
▒....▒▒▒.#...▒....▒▒..▒▒.▒ ..
▒....▒ ▒.▒▒▒.▒....▒▒..▒▒+▒
...▒+▒▒....▒ ▒.▒........▒.......
▒........▒▒▒.▒.▒.......▒▒▒....
▒............▒.▒▒▒▒▒▒.[▒▒▒....
▒.....▒▒▒▒▒............▒.)....
▒.....'...▒.W..▒▒▒▒▒▒▒.▒.▒...▒
▒.....▒▒.▒▒▒▒Q.........▒.▒....
▒.....▒▒.▒▒.▒...▒▒▒▒▒..▒.▒.▒.▒
...▒▒▒▒▒▒▒....▒...▒▒▒▒.....▒.▒..
... ▒▒..).▒.▒...▒.....▒.▒.. ..
▒..........▒.▒.▒..▒.▒▒.▒..
▒........▒▒▒.▒.▒.......▒.▒
..J.....▒▒▒▒▒▒+▒.....▒▒▒▒▒.▒
.....▒▒▒▒▒...........▒▒.....
..... ▒......▒▒▒▒▒▒▒.▒▒..


You could see a phantom.

Vanquished Creatures
  A dart slug (D:2)
  5 ball pythons
  10 endoplasms
  8 goblins
  2 hobgoblins
  3 quokkas
  3 bats
  2 frilled lizards
  7 kobolds
  5 rats
46 creatures vanquished.

Vanquished Creatures (others)
  100 foxfires
100 creatures vanquished.

Grand Total: 146 creatures vanquished

Notes
Turn   | Place    | Note
-------+----------+-------------------------------------------
     0 | D:1      | shmup the Tengu Fire Elementalist began the quest for the
                  | Orb.
     0 | D:1      | Reached XP level 1. HP: 10/10 MP: 4/4
    93 | D:1      | Reached XP level 2. HP: 15/15 MP: 1/6
   431 | D:1      | Reached skill level 4 in Fire Magic
   663 | D:1      | Reached XP level 3. HP: 19/19 MP: 4/7
   782 | D:1      | You fall into a shaft and drop 1 floor!
  1062 | D:2      | Found a faded altar of an unknown god.
  1588 | D:3      | Noticed a phantom
  1599 | D:3      | Learned a level 2 spell: Scorch
  1845 | D:3      | Slain by a phantom

Illustrated notes

Levels and vault maps discovered:
D:1:      minmay_arrival_doors, layout_basic, hex_medium, minmay_pentomino_t4
D:2:      layout_basic, nicolae_ecumenical_oubliette
D:3:      layout_basic

Skill      XL: |  1  2 |
---------------+-------+-----
Conjurations   | 2 |  2.8
Fire Magic     | 4 |  4.6
Dodging        | |  2.1
Stealth        | |  2.0
Spellcasting   | |  2.0

Action                     || total
---------------------------++-------
  Melee: Short sword       ||     6
         Dagger            ||    23
         Kick              ||     5
         Peck              ||     2
   Cast: Foxfire           ||    58
         Scorch            ||     6
    Use: Scroll            ||     1
   Stab: Sleeping          ||     1
 Armour: Robe              ||     5
  Dodge: Dodged            ||    29
